 Dungeon Crawl Stone Soup version 0.31-a0-702-gf82c85558f (webtiles) character file.

Game seed: 15632803732291806864

36 qw the Shooter (level 3, 0/21 HPs)
             Began as a Gargoyle Hunter on Sept 8, 2023.
             Slain by a gnoll
             ... wielding a +0 club
              (6 damage)
             ... on level 2 of the Dungeon.
             The game lasted 00:00:21 (1006 turns).

qw the Shooter (Gargoyle Hunter)                    Turns: 1006, Time: 00:00:22

Health: 0/21       AC:  8    Str: 14    XL:     3   Next: 37%
Magic:  3/3        EV: 10    Int:  9    God:
Gold:   109        SH:  0    Dex: 15    Spells: 2/2 levels left

rFire   . . .        Y - +0 shortbow
rCold   . . .        (shield currently unavailable)
rNeg    + . .        d - +0 ring mail
rPois   inf          (no helmet)
rElec   +            (no cloak)
rCorr   .            (no gloves)
SInv    .            (no boots)
Will    .....        (no amulet)
Stlth   +            (no ring)
HPRegen 0.23/turn    (no ring)
MPRegen 0.08/turn

%: no passive effects
@: no status effects
A: sickness immunity, AC +3, negative energy resistance 1, electricity
resistance, torment resistance 1, petrification resistance
a: no special abilities


You were on level 2 of the Dungeon.
You visited 1 branch of the dungeon, and saw 2 of its levels.

You collected 109 gold pieces.


Innate Abilities, Weirdness & Mutations

You are immune to sickness and miasma.
Your stone body is resilient. (AC +3)
You are immune to poison.
You resist negative energy. (rN+)
You are resistant to electric shocks. (rElec)
You are resistant to unholy torment.
You are immune to petrification.


   Skills:
 - Level 2.1 Fighting
 + Level 4.9 Ranged Weapons
 - Level 1.0 Armour
 - Level 1.5 Dodging
 - Level 1.1 Stealth


You had 2 spell levels left.
You didn't know any spells.
Your spell library was empty.

Inventory:

Hand Weapons
 Y - a +0 shortbow (weapon)
Armour
 d - a +0 ring mail (worn)
Scrolls
 a - a scroll of identify {unknown}
 h - a scroll of poison {unknown}
Potions
 b - a potion of haste {unknown}
 c - a potion of magic {unknown}
 e - 2 potions of curing
 f - a potion of degeneration {unknown}
 g - a potion of enlightenment {unknown}

Dungeon Overview and Level Annotations

Branches:
Dungeon (2/15)

Altars:
Xom

Shops:
D:1 *


Message History

The gnoll misses you.
You shoot an arrow. The arrow hits the gnoll.
You kill the gnoll!
You start resting.
A gnoll comes into view. It is wielding a +0 whip.
990 ||| FLEEEEING.
991 ||| STILL FLEEEEING.
The gnoll shouts!
You hear a shout!
A gnoll comes into view. It is wielding a +0 club.
992 ||| FLEEEEING.
993 ||| FLEEEEING.
994 ||| FLEEEEING.
995 ||| FLEEEEING.
996 ||| FLEEEEING.
Things that are here:
a +0 club; a rat corpse
997 ||| FLEEEEING.
998 ||| FLEEEEING.
999 ||| FLEEEEING.
1000 ||| FLEEEEING.
You shoot an arrow. The arrow closely misses the gnoll.
The arrow hits the gnoll.
The gnoll is heavily wounded.
You shoot an arrow. The arrow hits the gnoll.
The gnoll is moderately wounded.
The gnoll hits you with a +0 whip. x2
You shoot an arrow. The arrow hits the gnoll.
The gnoll is moderately wounded.
The gnoll hits you but does no damage.
You shoot an arrow. The arrow barely misses the gnoll.
The arrow hits the gnoll!
The gnoll is almost dead.
The gnoll hits you but does no damage.
You shoot an arrow.
The arrow hits the gnoll but does no damage.
The gnoll is moderately wounded.
The gnoll hits you with a +0 whip.
You shoot an arrow. The arrow barely misses the gnoll.
The gnoll hits you but does no damage. The gnoll barely misses you.
The gnoll closely misses you. The gnoll hits you with a +0 club.
You die...

#.....# #.....# #.._..##
#......# #......# ##########
#.....# #......... #####
##...## #.########
.....######.)###########.# #
#...........g@........########
#.##.##....#g########........#
#)#...#.##...............###.#
#..._...###.#########.##.# #..
#..#[..#.....# #.##.# ###
#...##.##.##..# #.##.#####
...........##..# #.........
####.##..#.##..# ####.##### #.
...#..#.. #.#


You could see 2 gnolls.

Vanquished Creatures
  A gnoll (D:2)
  3 endoplasms
  2 hobgoblins (D:2)
  2 quokkas (D:1)
  5 ball pythons
  2 frilled lizards (D:1)
  4 goblins
  4 kobolds
  4 rats
27 creatures vanquished.

Notes
Turn   | Place    | Note
-------+----------+-------------------------------------------
     0 | D:1      | qw the Gargoyle Hunter began the quest for the Orb.
     0 | D:1      | Reached XP level 1. HP: 12/12 MP: 1/1
     0 | D:1      | 0 ||| qw: Version: 0.3-a-76-g4403597
     0 | D:1      | 0 ||| qw: Game counter: 1233
     0 | D:1      | 0 ||| qw: Melee chars always use a shield: true
     0 | D:1      | 0 ||| qw: God list: Okawaru
     0 | D:1      | 0 ||| qw: Allow faded altars: false
     0 | D:1      | 0 ||| qw: Do Orc after clearing Dungeon:15 true
     0 | D:1      | 0 ||| qw: Do second Lair branch before Depths: true
     0 | D:1      | 0 ||| qw: Lair rune preference: random
     0 | D:1      | 0 ||| qw: Goals: Normal
     0 | D:1      | 0 ||| PLANNING D:1-11
     5 | D:1      | Found Mutige's Assorted Antiques.
    24 | D:1      | 24 ||| SHOPLISTING golden potion (20 gold, have 14).
    24 | D:1      | 24 ||| SHOPLISTING scroll labelled DIZXEE IVACWO (23 gold,
                  | have 14).
    24 | D:1      | 24 ||| SHOPLISTING scroll labelled XYMETZ TEMEEC (23 gold,
                  | have 14).
    24 | D:1      | 24 ||| SHOPLISTING triangular pearl amulet (115 gold, have
                  | 14).
   113 | D:1      | Reached XP level 2. HP: 17/17 MP: 2/2
   753 | D:1      | 753 ||| UPGRADING to +0 ring mail.
   763 | D:1      | 763 ||| DROPPING +0 leather armour.
   764 | D:1      | 764 ||| READING scroll labelled QUUPNE BUPOUN.
   765 | D:1      | 765 ||| DRINKING 2 metallic pink potions.
   766 | D:1      | 766 ||| DROPPING scroll of butterflies.
   888 | D:2      | Reached skill level 1 in Armour
   933 | D:2      | Reached XP level 3. HP: 21/21 MP: 3/3
   958 | D:2      | Found a shimmering altar of Xom.
   971 | D:2      | Found a faded altar of an unknown god.
   990 | D:2      | 990 ||| FLEEEEING.
   992 | D:2      | 992 ||| FLEEEEING.
   993 | D:2      | 993 ||| FLEEEEING.
   994 | D:2      | 994 ||| FLEEEEING.
   995 | D:2      | 995 ||| FLEEEEING.
   996 | D:2      | 996 ||| FLEEEEING.
   997 | D:2      | 997 ||| FLEEEEING.
   998 | D:2      | 998 ||| FLEEEEING.
   999 | D:2      | 999 ||| FLEEEEING.
  1000 | D:2      | 1000 ||| FLEEEEING.
  1006 | D:2      | Slain by a gnoll

Levels and vault maps discovered:
D:1:      scummos_arrival_simple_crosswalls, layout_basic, serial_shops, shop,
          hex_intersection, roderic_cross_of_infinity
D:2:      layout_loops_ring, basic_altar, ebering_ecumenical_altar_box

Skill      XL: |  1  2 |
---------------+-------+-----
Armour         | 1 |  1.0
Fighting       | |  2.1
Ranged Weapons | |  4.9
Dodging        | |  1.5
Stealth        | |  1.1

Action                     || total
---------------------------++-------
   Fire: Shortbow          ||    79
    Use: Scroll            ||     1
         Potion            ||     1
 Armour: Leather armour    ||    12
         Ring mail         ||    12
  Dodge: Dodged            ||    21

Table legend:
 A = Non-vault XP
 B = Vault XP
 C = Vault XP percentage of total XP
 D = Non-vault monster count
 E = Vault monster count
 F = Vault count percentage of total count
                 A         B        C        D         E       F
            +---------+---------+-------+---------+---------+-------
      Total |      52 |       0 |   0.0 |      27 |       0 |   0.0
            +---------+---------+-------+---------+---------+-------
        D:1 |      22 |       0 |   0.0 |      15 |       0 |   0.0
        D:2 |      30 |       0 |   0.0 |      12 |       0 |   0.0
            +---------+---------+-------+---------+---------+-------
